 Dungeon Crawl Stone Soup version 0.29-a0-397-g846e4a0bbc (webtiles) character file.

Game seed: 5253991152671050770

507427 Querens the Sorcerer (level 23, 0/139 HPs)
             Began as a Deep Elf Conjurer on May 11, 2022.
             Was the Champion of Vehumet.
             Slain by a death scarab (17 damage)
             ... on level 3 of the Tomb of the Ancients.
             The game lasted 04:05:38 (26532 turns).

Querens the Sorcerer (Deep Elf Conjurer)           Turns: 26532, Time: 04:05:38

Health: 0/139      AC: 19    Str: 10      XL:     23   Next: 54%
Magic:  73/73      EV: 18    Int: 32 (33) God:    Vehumet [******]
Gold:   3291       SH:  6    Dex: 20      Spells: 13/74 levels left

rFire   . . .      SeeInvis .   B - +8 spear of Interdependent Arising {venom, Drain rC++ MP+9 Str+8}
rCold   + + +      Faith    .   H - +0 buckler
rNeg    + + +      Spirit   .   T - +0 troll leather armour
rPois   ∞          Reflect  .   z - +3 helmet "Doces" {Str-4 Dex+7 Stlth+}
rElec   .          Harm     .   y - scarf {repulsion}
rCorr   .          Rampage  .   l - +0 pair of gloves
Will    +++..      Archmagi +   M - +2 pair of boots {Stlth+}
Stlth   ++++......              S - amulet of magic regeneration
HPRegen 1.13/turn               Q - ring of magical power
MPRegen 0.83/turn               F - ring of the Mage {Wiz Archmagi}

@: lich-form, marked, slowed, studying Bows, repel missiles, very slow
A: draining attack, torment immunity, no potions, hooves 1, iridescent scales 1,
deformed body, poison resistance
}: 4/15 runes: decaying, slimy, silver, gossamer
a: End Transformation, Renounce Religion


You were on level 3 of the Tomb of the Ancients.
You worshipped Vehumet.
Vehumet was exalted by your worship.
You were an undead lich.
You visited 10 branches of the dungeon, and saw 48 of its levels.
You also visited: Bailey and Ice Cave.

You collected 5012 gold pieces.
You spent 1721 gold pieces at shops.

Inventory:

Hand Weapons
 B - the +8 spear of Interdependent Arising (weapon) {venom, Drain rC++ MP+9 Str+8}
   (You found it on level 4 of the Lair of Beasts)

   It poisons the flesh of those it strikes.
   Str:       It affects your strength (+8).
   rC:        It greatly protects you from cold.
   MP:        It affects your magic capacity (+9).
   Drain:     It drains your maximum health when unequipped.
Armour
 a - a +2 pair of boots of flying
 l - a +0 pair of gloves (worn)
 p - a scarf of shadows
 y - a scarf of repulsion (worn)
 z - the +3 helmet "Doces" (worn) {Str-4 Dex+7 Stlth+}
   (You took it off Robin on level 3 of the Dungeon)

   Str:       It affects your strength (-4).
   Dex:       It affects your dexterity (+7).
   Stlth:     It makes you more stealthy.
 C - a +2 robe of resistance
 H - a +0 buckler (worn)
 M - a +2 pair of boots of stealth (worn)
 O - a +1 robe of the Archmagi
 R - an orb of energy
 T - a +0 troll leather armour (worn)
Magical Staves
 g - a staff of conjuration
 k - a staff of earth
Jewellery
 m - a ring of protection from fire
 o - the ring "Cufel" {rCorr Str+4}
   (You found it on level 11 of the Dungeon)

   [ring of resist corrosion]

   Str:       It affects your strength (+4).
   rCorr:     It protects you from acid and corrosion.
 t - a ring of see invisible
 F - the ring of the Mage (right hand) {Wiz Archmagi}
   (You found it on level 4 of the Lair of Beasts)

   [ring of wizardry]

   It improves your spell success rate.
   Archmagi:  It increases the power of your magical spells.
 I - the ring of Rolewoucs {Drain rF+ rC+ rN+ rCorr}
   (You found it on level 3 of the Crypt)

   [ring of positive energy]

   rF:        It protects you from fire.
   rC:        It protects you from cold.
   rN:        It protects you from negative energy.
   rCorr:     It protects you from acid and corrosion.
   Drain:     It drains your maximum health when unequipped.
 N - the ring of Uphikkaf {Fire Int+5 Slay-4}
   (You took it off a vault warden on level 5 of the Vaults)

   [ring of fire]

   It enhances your fire magic.
   Int:       It affects your intelligence (+5).
   Slay:      It affects your accuracy & damage with ranged weapons and melee
   (-4).
   rF:        It protects you from fire.
   rC:        It makes you vulnerable to cold.
 Q - a ring of magical power (left hand)
 S - an amulet of magic regeneration (around neck)
 Z - a ring of willpower
Wands
 v - a wand of digging (19)
 J - a wand of iceblast (20)
 V - a wand of acid (10)
Scrolls
 c - 4 scrolls of summoning
 e - 18 scrolls of teleportation
 f - 10 scrolls of poison
 j - 4 scrolls of magic mapping
 q - 3 scrolls of blinking
 s - 4 scrolls of silence
 u - 4 scrolls of fear
 A - 6 scrolls of fog
 D - 8 scrolls of enchant armour
 E - 10 scrolls of amnesia
 W - 7 scrolls of immolation
Potions
 b - 10 potions of magic
 d - 14 potions of curing
 h - 9 potions of brilliance
 i - 7 potions of ambrosia
 n - 6 potions of mutation
 r - 10 potions of might
 w - 18 potions of heal wounds
 x - 10 potions of flight
 G - 3 potions of berserk rage
 K - 2 potions of haste
 L - 9 potions of lignification
 P - 7 potions of resistance
 U - 5 potions of cancellation
 Y - a potion of invisibility


   Skills:
 - Level 12.9 Fighting
 - Level 5.0 Armour
 - Level 10.0 Dodging
 - Level 2.4 Stealth
 - Level 5.0 Shields
 + Level 26.4 Spellcasting
 + Level 23.0 Conjurations
 + Level 14.5 Necromancy
 - Level 12.0 Translocations
 + Level 13.4 Transmutations
 + Level 20.1 Fire Magic


You had 13 spell levels left.
You knew the following spells:

 Your Spells              Type           Power      Damage    Failure   Level
a - Magic Dart            Conj           100%       1d8       0%          1
b - Searing Ray           Conj           100%       2d8       0%          2
c - Iskenderun's Mystic   Conj/Tloc      100%       2d19      0%          4
d - Fulminant Prism       Conj/Hex       54%        3d23      1%          4
e - Portal Projectile     Hex/Tloc       100%       N/A       1%          3
f - Swiftness             Air            59%        N/A       1%          3
g - Starburst             Conj/Fire      67%        6d17      0%          6
h - Fireball              Conj/Fire      67%        3d25      0%          5
i - Ignition              Fire           65%        3d17      1%          8
j - Fire Storm            Conj/Fire      67%        8d17      1%          9
k - Necromutation         Tmut/Necr      69%        N/A       9%          8
l - Lehudib's Crystal Sp  Conj/Erth      54%        10d13     7%          8

Your spell library contained the following spells:

 Spells                   Type           Power      Damage    Failure   Level
 Shatter                  Erth           29%        3d24*     100%        9
 Animate Skeleton         Necr           100%       N/A       0%          1
 Apportation              Tloc           100%       N/A       0%          1
 Beastly Appendage        Tmut           100%       N/A       0%          1
 Pain                     Necr           100%       1d9       0%          1
 Shock                    Conj/Air       100%       1d9       0%          1
 Sublimation of Blood     Necr           100%       N/A       0%          2
 Wereblood                Tmut           100%       N/A       0%          2
 Conjure Flame            Conj/Fire      100%       6-21      0%          3
 Gell's Gravitas          Tloc           100%       N/A       0%          3
 Lesser Beckoning         Tloc           100%       N/A       0%          3
 Teleport Other           Tloc           100%       N/A       0%          3
 Vampiric Draining        Necr           100%       2d13      0%          3
 Sticky Flame             Conj/Fire      100%       2d11      0%          4
 Iskenderun's Battlesphe  Conj           100%       2d15      0%          5
 Freeze                   Ice            100%       1d11      1%          1
 Slow                     Hex            100%       N/A       1%          1
 Sting                    Tmut/Pois      100%       1d8       1%          1
 Summon Small Mammal      Summ           100%       N/A       1%          1
 Ensorcelled Hibernation  Hex/Ice        100%       N/A       1%          2
 Poisonous Vapours        Pois/Air       100%       N/A       1%          2
 Call Canine Familiar     Summ           59%        N/A       1%          3
 Confusing Touch          Hex            59%        N/A       1%          3
 Dazzling Flash           Conj/Hex       100%       N/A       1%          3
 Frozen Ramparts          Ice            100%       1d12      1%          3
 Ignite Poison            Fire/Tmut/Pois 100%       N/A       1%          3
 Inner Flame              Hex/Fire       100%       N/A       1%          3
 Ozocubu's Armour         Ice            59%        N/A       1%          3
 Spider Form              Tmut/Pois      91%        N/A       1%          3
 Summon Guardian Golem    Hex/Summ       59%        N/A       1%          3
 Airstrike                Air            29%        N/A       1%          4
 Anguish                  Hex/Necr       58%        N/A       1%          4
 Animate Dead             Necr           70%        N/A       1%          4
 Hailstorm                Conj/Ice       100%       3d20      1%          4
 Ice Form                 Ice/Tmut       91%        N/A       1%          4
 Olgreb's Toxic Radiance  Pois           59%        N/A       1%          4
 Agony                    Necr           100%       N/A       1%          5
 Alistair's Intoxication  Tmut/Pois      60%        N/A       1%          5
 Blade Hands              Tmut           56%        N/A       1%          5
 Excruciating Wounds      Necr           70%        N/A       1%          5
 Lightning Bolt           Conj/Air       54%        1d75      1%          5
 Summon Forest            Summ/Tloc      44%        N/A       1%          5
 Yara's Violent Unravell  Hex/Tmut       45%        3d18      1%          5
 Conjure Ball Lightning   Conj/Air       54%        3x3d20    1%          6
 Death Channel            Necr           70%        N/A       1%          6
 Eringya's Noxious Bog    Tmut/Pois      45%        N/A       1%          6
 Iron Shot                Conj/Erth      54%        9d10      1%          6
 Orb of Destruction       Conj           68%        9d16      1%          7
 Spellforged Servitor     Conj/Summ      54%        N/A       1%          7
 Simulacrum               Ice/Necr       58%        N/A       3%          6
 Animate Armour           Summ/Erth      100%       N/A       4%          4
 Cause Fear               Hex            29%        N/A       4%          4
 Summon Ice Beast         Ice/Summ       59%        N/A       4%          4
 Summon Lightning Spire   Summ/Air       59%        N/A       4%          4
 Borgnjor's Revivificati  Necr           70%        N/A       6%          8
 Metabolic Englaciation   Hex/Ice        29%        N/A       11%         5
 Silence                  Hex/Air        29%        N/A       11%         5
 Summon Mana Viper        Hex/Summ       59%        N/A       11%         5
 Malign Gateway           Summ/Tloc      44%        N/A       26%         7
 Summon Cactus Giant      Summ           29%        N/A       47%         6
 Death's Door             Necr           70%        N/A       65%         9
 Enfeeble                 Hex            29%        N/A       95%         7
 Monstrous Menagerie      Summ           29%        N/A       95%         7
 Summon Hydra             Summ           29%        N/A       95%         7
 Discord                  Hex            29%        N/A       100%        8
 Summon Horrible Things   Summ           29%        N/A       100%        8


Dungeon Overview and Level Annotations

Branches:
Dungeon (15/15)            Temple (1/1) D:5            Lair (6/6) D:10
  Swamp (4/4) Lair:4       Spider (4/4) Lair:4        Slime (5/5) Lair:6
    Orc (2/2) D:10            Elf (0/3) Orc:2        Vaults (5/5) D:13
  Crypt (3/3) Vaults:2       Tomb (3/3) Crypt:3      Depths (0/4) D:15
 Bailey (visited)           IceCv (visited)

Altars:
Ashenzari
Cheibriados
Dithmenos
Elyvilon
Fedhas
Gozag
Hepliaklqana
Kikubaaqudgha
Makhleb
Nemelex Xobeh
Okawaru
Qazlal
Ru
Sif Muna
Trog
Uskayaw
Vehumet
Wu Jian
Xom
Yredelemnul
Zin
The Shining One
Beogh
Jiyva

Shops:
D:3 (   D:9 (   Orc:2 ?*[=   Vaults:2 *   Vaults:5 [(

Annotations:
D:14 4 transporters


Innate Abilities, Weirdness & Mutations

You are an undead lich.
Your unarmed attacks are suffused with negative energy.
You are immune to unholy pain and torment.
Your necromantic spells are more powerful.
You cannot drink.
You have large cloven feet.
You are partially covered in iridescent scales. (AC +2)
Armour fits poorly on your strangely shaped body.
Your system is resistant to poisons. (rPois)


Message History

The death scarab is severely damaged.
The death scarab is knocked back by the mystic blast.
The death scarab collides with the death scarab!
You destroy the death scarab!
Vehumet accepts your kill.
You feel your power returning.
The death scarab is severely damaged.
The mystic blast hits the death scarab.
The death scarab is almost destroyed.
The death scarab is knocked back by the mystic blast.
The mystic blast hits the death scarab!
The death scarab is severely damaged.
The death scarab is knocked back by the mystic blast.
The death scarab slams into the stone wall!
The death scarab is almost destroyed.
The mystic blast hits the death scarab!
The death scarab is almost destroyed.
The death scarab is knocked back by the mystic blast.
The death scarab collides with the death scarab!
The death scarab is almost destroyed.
You destroy the death scarab!
Vehumet accepts your kill.
You feel your power returning.
A death scarab comes into view. x2
The death scarab fails to trigger a net trap.
The death scarab bites you but does no damage.
A death scarab comes into view.
The death scarab misses you. The death scarab bites you!
* * * LOW HITPOINT WARNING * * *
The death scarab misses you. You block the death scarab's attack.
A death scarab comes into view.
You hear a loud "Zot"!
The death scarab bites you!
* * * LOW HITPOINT WARNING * * *
The death scarab drains your vigour!
You feel as though you will be slow longer.
The death scarab barely misses you.
A guardian mummy comes into view.
The death scarab bites you!
You die... #################### ..BBM..........)..B.
MBBB.BBBBB..B...§§§§ .BBZMBBLBB.BB.B.§§..

##############M..###
.?.M. ...... ##...
#M.


You could see a mummy priest, 3 guardian mummies, 20 death scarabs and a
draconian monk skeleton.

Vanquished Creatures
  the Royal Jelly (Slime:5)
  A dread lich (Crypt:3)
  Khufu (Crypt:2)
  Mara (Vaults:3)
  4 royal mummies (Tomb:1)
  Boris (Vaults:3)
  2 golden dragons (Vaults:5)
  A profane servitor (Crypt:3)
  Nikola (Vaults:3)
  Arachne (Spider:4)
  4 tentacled monstrosities
  Rupert (D:15)
  A lich (Vaults:4)
  2 titans (Vaults:5)
  19 acid blobs
  Frances (Swamp:2)
  9 sphinxes
  An ancient champion (Crypt:1)
  8 thorn hunters
  A storm dragon (Vaults:5)
  A shadow dragon (Vaults:5)
  2 rockslimes
  3 revenants
  6 tengu reavers
  14 azure jellies
  2 fenstrider witches (Swamp:3)
  2 iron dragons (Vaults:5)
  A deep elf sorcerer (Vaults:5)
  2 frost giants (Vaults:5)
  2 fire giants (Vaults:5)
  24 vault wardens
  3 orc warlords
  5 emperor scorpions
  2 ghost moths
  9 quicksilver oozes
  8 broodmothers
  10 very ugly things
  16 ironbound preservers
  7 ghouls
  10 stone giants
  9 ironbound thunderhulks
  2 vampire knights (Crypt:3)
  A war gargoyle (Vaults:5)
  5 eleionomae
  A deep elf demonologist (Vaults:5)
  2 bennus (Tomb:1)
  3 bunyips
  8 entropy weavers
  5 spark wasps
  9 mummy priests
  2 eidola (Crypt:2)
  5 dire elephants
  Snorg (Lair:3)
  6 ettins
  5 deep elf death magi
  A crystal guardian (Vaults:4)
  3 deep elf high priests (Vaults:5)
  9 jiangshi
  Josephine (D:15)
  5 shambling mangroves
  Fannar (Lair:1)
  A rakshasa (D:13)
  16 yaktaur captains
  10 great orbs of eyes
  13 boulder beetles
  A spectral fenstrider witch (Crypt:3)
  37 vault guards
  3 ogre magi
  A peacekeeper (Vaults:4)
  21 hydras
  An ice dragon (Lair:6)
  2 spriggan air magi (Swamp:3)
  4 jorogumos
  13 two-headed ogres
  3 death knights (Crypt:3)
  6 centaur warriors
  12 ironbound frosthearts
  4 radroaches
  7 alligators
  2 tengu warriors (D:15)
  3 vampire magi (Crypt:1)
  12 death yaks
  A titan zombie (Crypt:3)
  A deep troll earth mage (Vaults:5)
  Urug (D:13)
  8 death scarabs (Tomb:3)
  2 shock serpents (shapeshifter) (Vaults:5)
  2 hell knights
  8 spriggans
  Amaemon (D:11)
  5 goliath frogs
  5 pharaoh ants
  3 sun moths
  8 orb spiders
  2 spriggan druids
  An orb spider (shapeshifter) (Vaults:5)
  55 deep trolls
  27 skeletal warriors
  7 steelbarb worms
  15 swamp dragons
  2 flayed ghosts (Crypt:3)
  2 bog bodies
  16 phantasmal warriors
  23 ironbound convokers
  6 lindwurms
  12 wizards
  6 necromancers
  A mana viper (shapeshifter) (Vaults:5)
  8 orc knights
  6 shining eyes
  4 deep elf pyromancers
  An oklob plant (Swamp:2)
  2 will-o-the-wisps
  25 wolf spiders
  6 orc sorcerers (Orc:2)
  7 cyclopes
  A human zombie (Vaults:3)
  15 elephants
  37 ugly things
  2 manticores
  A guardian serpent (D:15)
  4 moths of wrath
  4 eyes of devastation
  3 ice statues (IceCv)
  A black mamba (Lair:5)
  17 cane toads
  Maggie (D:9)
  2 naga magi (Vaults:4)
  16 vault sentinels
  8 torpor snails
  5 gargoyles
  12 demonic crawlers
  An orange demon (D:11)
  3 efreet
  A freezing wraith (Crypt:2)
  2 kobold demonologists
  A catoblepas zombie (Crypt:2)
  An entropy weaver simulacrum (IceCv)
  8 rime drakes
  7 komodo dragons
  29 yaktaurs
  A catoblepas skeleton (Crypt:1)
  10 guardian mummies
  A green draconian skeleton (Crypt:1)
  2 trolls
  2 yaktaur skeletons (Vaults:2)
  8 tyrant leeches
  10 meliai
  26 hornets
  A human skeleton (Vaults:2)
  4 bloated husks
  A sphinx simulacrum (Vaults:3)
  36 tarantellas
  7 polar bears
  A dream sheep (shapeshifter) (Vaults:5)
  118 slime creatures
  11 blink frogs
  54 flying skulls
  22 culicivoras
  3 shadows
  30 jumping spiders
  45 yaks
  2 vampires
  9 wyverns
  An ice dragon skeleton (Tomb:1)
  5 wraiths
  3 ushabtiu (Tomb:2)
  7 basilisks
  A death yak simulacrum (IceCv)
  A human simulacrum (Vaults:3)
  7 golden eyes
  2 steam dragons
  59 redbacks
  7 vampire mosquitoes
  A harpy simulacrum (IceCv)
  Edmund (D:4)
  9 wargs (Orc:2)
  A deep troll zombie (Crypt:2)
  13 swamp worms
  An acid dragon (D:13)
  14 water moccasins
  2 floating eyes
  A dream sheep zombie (Crypt:2)
  An ice beast (D:5)
  An ice beast (shapeshifter) (D:13)
  11 orc warriors
  A two-headed ogre skeleton (Crypt:2)
  7 ogres
  4 black bears
  2 elephant zombies (Lair:4)
  7 swamp drakes
  A swamp dragon skeleton (Crypt:2)
  5 boggarts (Vaults:1)
  A snapping turtle skeleton (Crypt:2)
  23 wolves
  9 centaurs
  4 kobold brigands
  A komodo dragon zombie (Lair:4)
  11 bullfrogs
  4 gnoll sergeants
  6 necrophages
  4 scorpions
  A cane toad simulacrum (IceCv)
  15 wights
  An elephant simulacrum (IceCv)
  An oklob sapling (Swamp:2)
  14 killer bees
  10 electric eels
  2 howler monkeys
  8 vampire bats (Bailey)
  6 wolf zombies (Bailey)
  2 jellies
  A basilisk zombie (Lair:4)
  3 gnoll shamans (D:9)
  8 orc priests
  3 hounds (D:4)
  Ijyb (D:4)
  Jessica (D:3)
  4 iguanas
  Natasha (D:3)
  Terence (D:3)
  5 hell rats (Lair:2)
  39 orc wizards
  3 wolf simulacra (IceCv)
  A naga zombie (Crypt:2)
  10 mummies
  Robin (D:3)
  14 gnolls
  6 adders
  3 shadow imps
  A white imp (D:6)
  An iguana skeleton (Crypt:1)
  2 worms (D:2)
  A dart slug (D:2)
  73 orcs
  An endoplasm (D:2)
  A giant cockroach (D:2)
  13 goblins
  12 hobgoblins
  3 jackals (D:1)
  2 quokkas
  5 ball pythons
  6 bats
  4 frilled lizards
  17 kobolds
  20 orc zombies (Bailey)
  3 rats
  16 briar patches
1896 creatures vanquished.

Vanquished Creatures (collateral kills)
  A royal mummy (Crypt:2)
  An ancient champion (Crypt:3)
  2 sphinxes
  A frost giant (Vaults:5)
  A spectral caustic shrike (Crypt:3)
  2 ironbound preservers (Vaults:2)
  A very ugly thing (Vaults:1)
  A yaktaur captain (Vaults:4)
  A great orb of eyes (Vaults:3)
  A vault guard (Vaults:4)
  A death knight (Crypt:3)
  A two-headed ogre (D:13)
  3 skeletal warriors
  A phantasmal warrior (Vaults:5)
  An orc knight (Vaults:1)
  An ugly thing (Vaults:4)
  A slime creature (Vaults:2)
  2 flying skulls
  A wraith (Crypt:2)
24 creatures vanquished.

Vanquished Creatures (others)
  2 orc warriors (Orc:2)
  A black bear (D:10)
  2 orcs (D:10)
  252 fire vortices
  6 foxfires (Swamp:1)
  47 fulminant prisms
  55 fungi
  77 plants
442 creatures vanquished.

Grand Total: 2362 creatures vanquished

Notes
Turn   | Place    | Note
-------+----------+-------------------------------------------
     0 | D:1      | Querens the Deep Elf Conjurer began the quest for the Orb.
     0 | D:1      | Reached XP level 1. HP: 10/10 MP: 6/6
   427 | D:1      | Reached XP level 2. HP: 15/15 MP: 4/8
   527 | D:1      | Learned a level 2 spell: Searing Ray
   778 | D:2      | Found a sparkling altar of Nemelex Xobeh.
   828 | D:2      | Reached skill level 4 in Spellcasting
   838 | D:2      | Reached skill level 5 in Conjurations
   838 | D:2      | Reached XP level 3. HP: 19/19 MP: 2/10
  1108 | D:3      | Noticed Jessica
  1114 | D:3      | Killed Jessica
  1115 | D:3      | Reached XP level 4. HP: 22/24 MP: 5/12
  1122 | D:3      | Learned a level 4 spell: Iskenderun's Mystic Blast
  1127 | D:3      | Learned a level 4 spell: Fulminant Prism
  1165 | D:3      | Found Ryunauf's Antique Weapon Emporium.
  1187 | D:3      | Reached skill level 5 in Spellcasting
  1187 | D:3      | Reached skill level 1 in Translocations
  1217 | D:3      | Noticed Terence
  1259 | D:3      | Killed Terence
  1301 | D:3      | Noticed Natasha
  1304 | D:3      | Killed Natasha
  1305 | D:3      | Reached XP level 5. HP: 28/28 MP: 5/14
  1472 | D:3      | Found an ornate altar of the Wu Jian Council.
  1691 | D:4      | Noticed Ijyb
  1694 | D:4      | Noticed an ogre
  1700 | D:4      | Killed an ogre
  1701 | D:4      | Killed Ijyb
  1702 | D:4      | Reached XP level 6. HP: 32/32 MP: 7/16
  1728 | D:4      | Noticed Edmund
  1751 | D:4      | Killed Edmund
  1752 | D:4      | Reached skill level 6 in Spellcasting
  1811 | D:3      | Identified the +3 helmet "Doces" {Str-4 Dex+7 Stlth+}
  1811 | D:3      | Noticed Robin
  1814 | D:3      | Killed Robin
  1827 | D:3      | Found an opulent altar of Gozag.
  1972 | D:4      | Reached XP level 7. HP: 25/36 MP: 10/18
  2163 | D:5      | Entered Level 5 of the Dungeon
  2228 | D:5      | Reached skill level 7 in Spellcasting
  2386 | D:5      | Found a staircase to the Ecumenical Temple.
  2405 | Temple   | Entered the Ecumenical Temple
  2423 | Temple   | Became a worshipper of Vehumet
  2517 | D:5      | Found a hazy altar of Hepliaklqana.
  2609 | D:5      | Reached XP level 8. HP: 41/41 MP: 13/21
  2738 | D:5      | Found a burning altar of Makhleb.
  2950 | D:5      | Found a hide-covered altar of Uskayaw.
  3028 | D:6      | Found a basalt altar of Yredelemnul.
  3031 | D:6      | Reached skill level 5 in Translocations
  3053 | D:6      | Reached skill level 8 in Spellcasting
  3067 | D:6      | Reached skill level 5 in Dodging
  3315 | D:6      | Reached * piety under Vehumet
  3315 | D:6      | Offered knowledge of Freeze by Vehumet.
  3685 | D:7      | Found a glowing silver altar of Zin.
  3753 | D:7      | Found a snail-covered altar of Cheibriados.
  3791 | D:7      | Identified the +2 robe of Valiance {Rampage Dex+2}
  3894 | D:7      | Found a flagged portal.
  3903 | D:7      | Found a sacrificial altar of Ru.
  3905 | D:7      | Found a broken altar of Ashenzari.
  3937 | D:7      | Reached skill level 1 in Shields
  4034 | Bailey   | Entered a bailey
  4110 | Bailey   | Reached XP level 9. HP: 42/45 MP: 11/23
  4132 | Bailey   | Reached skill level 9 in Spellcasting
  4132 | Bailey   | Reached ** piety under Vehumet
  4132 | Bailey   | Offered knowledge of Sandblast by Vehumet.
  4341 | Bailey   | Noticed a gargoyle
  4360 | Bailey   | Killed a gargoyle
  4412 | Bailey   | Identified the +1 robe of Tortured Birdsong {+Blink Str+5}
  4526 | D:7      | Found an iron altar of Okawaru.
  4529 | D:7      | Offered knowledge of Frozen Ramparts by Vehumet.
  4899 | D:8      | Reached *** piety under Vehumet
  4900 | D:8      | Reached skill level 10 in Spellcasting
  4900 | D:8      | Reached XP level 10. HP: 50/50 MP: 16/26
  4982 | D:8      | Reached skill level 1 in Fighting
  5070 | D:8      | Offered knowledge of Sticky Flame by Vehumet.
  5327 | D:8      | Noticed a gargoyle
  5334 | D:8      | Killed a gargoyle
  5453 | D:9      | Noticed a two-headed ogre
  5466 | D:9      | Killed a two-headed ogre
  5635 | D:9      | Reached skill level 11 in Spellcasting
  5635 | D:9      | Reached skill level 10 in Conjurations
  5657 | D:9      | Reached **** piety under Vehumet
  5711 | D:9      | Reached XP level 11. HP: 35/59 MP: 4/28
  5722 | D:9      | Noticed a two-headed ogre
  5735 | D:9      | Killed a two-headed ogre
  5858 | D:9      | Found a shadowy altar of Dithmenos.
  5908 | D:9      | Found Hostriapu's Weapon Emporium.
  5992 | D:9      | Offered knowledge of Olgreb's Toxic Radiance by Vehumet.
  6067 | D:9      | Noticed Maggie
  6087 | D:9      | Killed Maggie
  6277 | D:10     | Entered Level 10 of the Dungeon
  6282 | D:10     | Found a staircase to the Lair.
  6317 | D:10     | Found a staircase to the Orcish Mines.
  6324 | D:10     | Reached skill level 5 in Shields
  6441 | D:10     | Found a bloodstained altar of Trog.
  6983 | D:11     | Reached ***** piety under Vehumet
  6984 | D:11     | Reached skill level 12 in Spellcasting
  7098 | D:11     | Identified the +5 rapier of Urio {freeze, Int+2 Dex+3}
  7113 | D:11     | Noticed a two-headed ogre
  7122 | D:11     | Killed a two-headed ogre
  7130 | D:11     | Noticed Amaemon
  7135 | D:11     | Offered knowledge of Lee's Rapid Deconstruction by Vehumet.
  7184 | D:11     | Identified the ring "Cufel" {rCorr Str+4}
  7260 | D:11     | Killed Amaemon
  7261 | D:11     | Reached skill level 10 in Dodging
  7283 | D:11     | Noticed a boulder beetle
  7300 | D:11     | Noticed a two-headed ogre
  7316 | D:10     | Killed a boulder beetle
  7378 | Orc:1    | Entered Level 1 of the Orcish Mines
  7390 | Orc:1    | Noticed an orc knight
  7401 | Orc:1    | Killed an orc knight
  7402 | Orc:1    | Reached XP level 12. HP: 59/67 MP: 14/30
  7599 | Orc:2    | Entered Level 2 of the Orcish Mines
  7615 | Orc:2    | Found Vierol's CLEARANCE SALE!.
  7623 | Orc:2    | Bought a scroll of fear for 17 gold pieces
  7623 | Orc:2    | Bought a scroll of enchant armour for 37 gold pieces
  7798 | Orc:2    | Reached skill level 10 in Translocations
  7821 | Orc:2    | Found a staircase to the Elven Halls.
  7960 | Orc:2    | Found Cuepn's Armour Shop.
  7960 | Orc:2    | Found Feyherph's Jewellery Shoppe.
  8004 | Orc:2    | Reached skill level 5 in Fighting
  8013 | Orc:2    | Reached skill level 13 in Spellcasting
  8033 | Orc:2    | Found Kadereul's Magic Scroll Shoppe.
  8037 | Orc:2    | Found Zuit's Distillery.
  8038 | Orc:2    | Paralysed by an orc sorcerer for 2 turns
  8051 | Orc:2    | Noticed an orc warlord
  8073 | Orc:2    | Killed an orc warlord
  8078 | Orc:2    | Offered knowledge of Ozocubu's Refrigeration by Vehumet.
  8137 | Orc:2    | Bought a scroll of fog for 26 gold pieces
  8137 | Orc:2    | Bought a scroll of blinking for 97 gold pieces
  8146 | Orc:2    | Bought a potion of lignification for 33 gold pieces
  8146 | Orc:2    | Bought a potion of degeneration for 11 gold pieces
  8146 | Orc:2    | Bought a potion of attraction for 33 gold pieces
  8302 | Orc:2    | Bought a ring of magical power for 240 gold pieces
  8302 | Orc:2    | Bought an amulet of magic regeneration for 360 gold pieces
  8320 | Orc:2    | Bought a scarf of repulsion for 204 gold pieces
  8363 | Orc:2    | Bought a potion of curing for 33 gold pieces
  8363 | Orc:2    | Bought a potion of heal wounds for 55 gold pieces
  8363 | Orc:2    | Bought a potion of heal wounds for 55 gold pieces
  8363 | Orc:2    | Bought a potion of curing for 33 gold pieces
  8363 | Orc:2    | Bought a potion of heal wounds for 55 gold pieces
  8363 | Orc:2    | Bought a potion of invisibility for 88 gold pieces
  8372 | Orc:2    | Bought a scroll of identify for 26 gold pieces
  8427 | Lair:1   | Entered Level 1 of the Lair of Beasts
  8427 | Lair:1   | Noticed Fannar
  8451 | Lair:1   | Killed Fannar
  8670 | Lair:1   | Reached skill level 14 in Spellcasting
  8843 | Lair:1   | Reached XP level 13. HP: 45/75 MP: 28/33
  9262 | Lair:2   | Learned a level 3 spell: Portal Projectile
  9344 | Lair:3   | Noticed Snorg
  9363 | Lair:3   | Killed Snorg
  9595 | Lair:3   | Reached skill level 15 in Spellcasting
  9637 | Lair:3   | Reached ****** piety under Vehumet
  9638 | Lair:3   | Reached skill level 1 in Armour
  9660 | Lair:3   | You fall into a shaft and drop 1 floor!
  9909 | Lair:4   | Offered knowledge of Eringya's Noxious Bog by Vehumet.
  9994 | Lair:4   | Found a staircase to the Swamp.
 10187 | Lair:4   | Identified the +2 leather armour of Loxtenk {Int+6}
 10297 | Lair:4   | Reached XP level 14. HP: 52/82 MP: 31/35
 10339 | Lair:4   | Identified the +8 spear of Interdependent Arising {venom,
                  | Drain rC++ MP+9 Str+8}
 10422 | Lair:4   | Found the ring of the Mage {Wiz Archmagi}
 10447 | Lair:4   | Found a hole to the Spider Nest.
 10776 | Lair:5   | Learned a level 3 spell: Swiftness
 11127 | Lair:6   | Entered Level 6 of the Lair of Beasts
 11147 | Lair:6   | Paralysed by a floating eye for 2 turns
 11162 | Lair:6   | Reached skill level 16 in Spellcasting
 11294 | Lair:6   | Offered knowledge of Starburst by Vehumet.
 11384 | Lair:6   | Learned a level 6 spell: Starburst
 11509 | Lair:6   | Reached skill level 1 in Fire Magic
 11566 | Lair:6   | Found a runed translucent door.
 11664 | Lair:6   | Reached skill level 5 in Armour
 11920 | Lair:6   | Found a staircase to the Slime Pits.
 12167 | Swamp:1  | Entered Level 1 of the Swamp
 12175 | Swamp:1  | Reached skill level 17 in Spellcasting
 12213 | Swamp:1  | Reached skill level 15 in Conjurations
 12225 | Swamp:1  | Offered knowledge of Fireball by Vehumet.
 12353 | Swamp:1  | Reached XP level 15. HP: 91/91 MP: 38/38
 12520 | Swamp:2  | Noticed Frances
 12540 | Swamp:2  | Killed Frances
 12555 | Swamp:2  | Learned a level 5 spell: Fireball
 12559 | Swamp:2  | Noticed a thorn hunter
 12651 | Swamp:2  | Noticed a thorn hunter
 12652 | Swamp:2  | Noticed a thorn hunter
 12653 | Swamp:2  | Killed a thorn hunter
 12657 | Swamp:2  | Killed a thorn hunter
 12661 | Swamp:2  | Killed a thorn hunter
 12760 | Swamp:2  | Reached skill level 5 in Fire Magic
 13184 | Swamp:3  | Reached skill level 10 in Fighting
 13189 | Swamp:3  | Noticed a fenstrider witch
 13192 | Swamp:3  | Killed a fenstrider witch
 13192 | Swamp:3  | Noticed a thorn hunter
 13197 | Swamp:3  | Killed a thorn hunter
 13198 | Swamp:3  | Noticed a tentacled monstrosity
 13253 | Swamp:3  | Reached skill level 18 in Spellcasting
 13328 | Swamp:3  | Noticed a thorn hunter
 13329 | Swamp:3  | Noticed a fenstrider witch
 13332 | Swamp:3  | Killed a fenstrider witch
 13343 | Swamp:3  | Killed a thorn hunter
 13382 | Swamp:3  | Noticed a thorn hunter
 13386 | Swamp:3  | Killed a thorn hunter
 13444 | Swamp:3  | Noticed a tentacled monstrosity
 13457 | Swamp:3  | Killed a tentacled monstrosity
 13592 | Swamp:3  | Noticed a thorn hunter
 13596 | Swamp:3  | Killed a thorn hunter
 13633 | Swamp:3  | Killed a tentacled monstrosity
 13762 | Swamp:4  | Entered Level 4 of the Swamp
 13773 | Swamp:4  | Reached XP level 16. HP: 91/99 MP: 40/40
 13835 | Swamp:4  | Offered knowledge of Conjure Ball Lightning by Vehumet.
 13906 | Swamp:4  | Noticed a thorn hunter
 13911 | Swamp:4  | Killed a thorn hunter
 14012 | Swamp:4  | Reached skill level 19 in Spellcasting
 14187 | Swamp:4  | Got a decaying rune of Zot
 14275 | Swamp:4  | Identified the +0 scale mail of the Furies {Fly Dex+6}
 14470 | Spider:1 | Entered Level 1 of the Spider Nest
 14757 | Spider:1 | Offered knowledge of Ignition by Vehumet.
 14771 | Spider:1 | Learned a level 8 spell: Ignition
 15091 | Spider:2 | Reached skill level 10 in Fire Magic
 15117 | Spider:2 | Reached XP level 17. HP: 75/106 MP: 3/42
 15193 | Spider:2 | Reached skill level 20 in Spellcasting
 16313 | Spider:4 | Entered Level 4 of the Spider Nest
 16318 | Spider:4 | Noticed Arachne
 16324 | Spider:4 | Offered knowledge of Lehudib's Crystal Spear by Vehumet.
 16324 | Spider:4 | Offered knowledge of Fire Storm by Vehumet.
 16324 | Spider:4 | Offered knowledge of Shatter by Vehumet.
 16326 | Spider:4 | Killed Arachne
 16475 | Spider:4 | Learned a level 9 spell: Fire Storm
 16744 | Spider:4 | Reached skill level 21 in Spellcasting
 16945 | Spider:4 | Reached XP level 18. HP: 113/113 MP: 29/45
 17073 | Spider:4 | Got a gossamer rune of Zot
 17310 | Slime:1  | Entered Level 1 of the Pits of Slime
 18093 | Slime:4  | Gained mutation: You have hidden genetic defects. [a
                  | shining eye]
 18095 | Slime:4  | Reached skill level 22 in Spellcasting
 18198 | Slime:5  | Entered Level 5 of the Pits of Slime
 18312 | Slime:4  | Gained mutation: You do not regenerate when monsters are
                  | visible. [hidden defects]
 18313 | Slime:4  | Lost mutation: You do not regenerate when monsters are
                  | visible. [potion of mutation]
 18313 | Slime:4  | Lost mutation: You have hidden genetic defects. [potion of
                  | mutation]
 18313 | Slime:4  | Gained mutation: You have a pair of small antennae on your
                  | head. [potion of mutation]
 18313 | Slime:4  | Gained mutation: Your body sometimes deteriorates upon
                  | taking damage. [potion of mutation]
 18313 | Slime:4  | Lost mutation: Your body sometimes deteriorates upon taking
                  | damage. [potion of mutation]
 18373 | Slime:5  | Paralysed by a great orb of eyes for 3 turns
 18394 | Slime:5  | Gained mutation: Your magical capacity is low. (-10% MP) [a
                  | shining eye]
 18396 | Slime:5  | Reached skill level 15 in Fire Magic
 18396 | Slime:5  | Lost mutation: You have a pair of small antennae on your
                  | head. [potion of mutation]
 18396 | Slime:5  | Lost mutation: Your magical capacity is low. (-10% MP)
                  | [potion of mutation]
 18396 | Slime:5  | Gained mutation: You have large cloven feet. [potion of
                  | mutation]
 18396 | Slime:5  | Gained mutation: Your system is resistant to poisons.
                  | (rPois) [potion of mutation]
 18396 | Slime:5  | Gained mutation: You are partially covered in iridescent
                  | scales. (AC +2) [potion of mutation]
 18435 | Slime:4  | Gained mutation: Armour fits poorly on your strangely
                  | shaped body. [a shining eye]
 18548 | Slime:5  | Found a viscous altar of Jiyva.
 18584 | Slime:5  | Reached XP level 19. HP: 118/118 MP: 42/47
 18592 | Slime:5  | Noticed the Royal Jelly
 18598 | Slime:5  | Killed the Royal Jelly
 18625 | Slime:5  | Identified the +10 morningstar of Arrival {flame, rF- rN+++
                  | Will+ rCorr}
 18656 | Slime:5  | Got Histoucym's Incunabulum of Sinister Secrets
 18689 | Slime:5  | Identified the +1 ring mail of Pride {rC+ Stlth+}
 18705 | Slime:5  | Got a slimy rune of Zot
 19222 | D:12     | Learned a level 8 spell: Necromutation
 19255 | D:12     | Found a frozen archway.
 19263 | IceCv    | Entered an ice cave
 19318 | IceCv    | Identified the +9 hand crossbow "Huvij" {freeze, rF+ Dex+7
                  | Stlth-}
 19394 | D:12     | Found a radiant altar of Vehumet.
 19506 | D:13     | Reached skill level 1 in Necromancy
 19508 | D:13     | Reached skill level 1 in Transmutations
 19517 | D:13     | Noticed Urug
 19518 | D:13     | Killed Urug
 19549 | D:13     | You fall into a shaft and drop 2 floors!
 19549 | D:15     | Entered Level 15 of the Dungeon
 19557 | D:15     | Noticed Josephine
 19561 | D:15     | Killed Josephine
 19763 | D:13     | Found a gate to the Vaults.
 20197 | D:14     | Found an ornate altar of the Wu Jian Council.
 20197 | D:14     | Found a transporter.
 20204 | D:14     | Found a transporter.
 20211 | D:14     | Found a transporter.
 20227 | D:14     | Found a transporter.
 20228 | D:14     | Found an ornate altar of the Wu Jian Council.
 20400 | D:14     | Learned a level 8 spell: Lehudib's Crystal Spear
 20433 | D:15     | Found a staircase to the Depths.
 20505 | D:15     | Noticed Rupert
 20510 | D:15     | Killed Rupert
 20972 | Vaults:1 | Entered Level 1 of the Vaults
 21025 | Vaults:1 | You fall into a shaft and drop 1 floor!
 21261 | Vaults:1 | Reached skill level 23 in Spellcasting
 21261 | Vaults:1 | Reached skill level 5 in Necromancy
 21452 | Vaults:1 | Reached skill level 5 in Transmutations
 21760 | Vaults:1 | Reached XP level 20. HP: 124/124 MP: 49/49
 22084 | Vaults:2 | Found a staircase to the Crypt.
 22653 | Vaults:2 | Found Nifu's Assorted Antiques.
 22661 | Vaults:2 | Bought a scroll of teleportation for 102 gold pieces
 23014 | Vaults:3 | Noticed Nikola
 23017 | Vaults:3 | Killed Nikola
 23147 | Vaults:3 | Noticed Mara
 23147 | Vaults:3 | Noticed Boris
 23151 | Vaults:3 | Killed Boris
 23153 | Vaults:3 | Killed Mara
 23257 | Vaults:3 | Reached skill level 24 in Spellcasting
 23393 | Vaults:3 | Reached XP level 21. HP: 71/128 MP: 43/51
 24137 | Vaults:4 | Reached skill level 10 in Necromancy
 24501 | Vaults:4 | Found a radiant altar of Vehumet.
 24512 | Vaults:4 | Identified the +0 hat of Whack-A-Mole {Dex+2}
 24517 | Vaults:4 | Identified the +1 robe of Thoughtfulness {rC- rCorr Str+2}
 24553 | Vaults:5 | Entered Level 5 of the Vaults
 24557 | Vaults:5 | Reached skill level 10 in Transmutations
 24595 | Vaults:5 | Reached skill level 25 in Spellcasting
 24596 | Vaults:5 | Reached XP level 22. HP: 84/134 MP: 53/53
 24600 | Vaults:5 | Noticed a golden dragon
 24602 | Vaults:5 | Killed a golden dragon
 24662 | Vaults:5 | Identified the ring of Uphikkaf {Fire Int+5 Slay-4}
 24663 | Vaults:5 | Noticed a golden dragon
 24665 | Vaults:5 | Killed a golden dragon
 24794 | Vaults:5 | Found Voeque's Antique Armour Shoppe.
 24822 | Vaults:5 | Bought a faintly glowing robe for 216 gold pieces
 24822 | Vaults:5 | Identified the +0 robe "Potuliv" {rC+ Dex+5} (You bought it
                  | in a shop on level 5 of the Vaults)
 24906 | Vaults:5 | Found Rioloargh's Weapon Shop.
 24909 | Vaults:5 | Identified the +10 triple crossbow "Befrur" {freeze, Will-
                  | Str+2 Int+3}
 25103 | Vaults:5 | Got a silver rune of Zot
 25548 | Crypt:1  | Entered Level 1 of the Crypt
 25595 | Crypt:2  | Noticed a royal mummy
 25597 | Crypt:2  | Killed a royal mummy
 25600 | Crypt:2  | Noticed Khufu
 25610 | Crypt:2  | Killed Khufu
 25804 | Crypt:3  | Entered Level 3 of the Crypt
 25930 | Crypt:3  | Found a basalt altar of Yredelemnul.
 25938 | Crypt:3  | Reached XP level 23. HP: 139/139 MP: 54/54
 25969 | Crypt:3  | Reached skill level 26 in Spellcasting
 26089 | Crypt:3  | Found a staircase to the Tomb.
 26089 | Crypt:3  | Noticed a dread lich
 26093 | Crypt:3  | Killed a dread lich
 26106 | Crypt:3  | Identified the ring "Wuahonn" {rPois rN+ rCorr Str-2
                  | Slay+3}
 26106 | Crypt:3  | Identified the ring of Venuett {rElec rN+}
 26106 | Crypt:3  | Identified the ring of Rolewoucs {Drain rF+ rC+ rN+ rCorr}
 26122 | Tomb:1   | Entered Level 1 of the Tomb of the Ancients
 26325 | Tomb:1   | Noticed a royal mummy
 26327 | Tomb:1   | Noticed a royal mummy
 26328 | Tomb:1   | Killed a royal mummy
 26328 | Tomb:1   | Killed a royal mummy
 26331 | Tomb:1   | Noticed a royal mummy
 26333 | Tomb:1   | Killed a royal mummy
 26333 | Tomb:1   | Noticed a royal mummy
 26336 | Tomb:1   | Killed a royal mummy
 26522 | Tomb:3   | Entered Level 3 of the Tomb of the Ancients
 26524 | Tomb:3   | Noticed a royal mummy
 26527 | Tomb:3   | Noticed a royal mummy
 26530 | Tomb:3   | Noticed a royal mummy
 26532 | Tomb:3   | Slain by a death scarab

Illustrated notes

Levels and vault maps discovered:
D:1:      psy_arrival_fountain, layout_basic, supply_closet_lemuel, minivault_5,
          kennysheep_small_spiral
D:2:      layout_rooms, basic_altar, chequers_serial_rivers_large_b
D:3:      layout_rooms, nicolae_overflow_crystal_walls,
          pdpol_wu_jian_five_deadly_venoms, serial_shops, shop,
          wander_ebering_terrifying_dragon_lair, uniq_terence, uniq_robin,
          uniq_natasha, uniq_jessica
D:4:      layout_basic, uniq_edmund, uniq_ijyb
D:5:      layout_cave_pods, lightli_temple_of_fire,
          mainiacjoe_overflow_alcove_4, worldfamousw_hep_ancestral_shrine,
          minmay_temple_entry_large_hall, hangedman_decor_clover_reticule,
          minivault_4, serial_bayou_pond_e
D:6:      layout_loops_ring, mainiacjoe_overflow_concentric_impassable
D:7:      layout_loops_ring, zin_scriptorium, lemuel_coloured_pillars_altar,
          okawaru_altar_gauntlet_db, chequers_temple_overflow_statue_of_worship,
          enter_bailey_4, minivault_23
D:8:      layout_basic, nicolae_elevator_lobby_plus
D:9:      minmay_thinvault, layout_loops_ring, mainiacjoe_overflow_alcove_2,
          serial_shops, nicolae_shop_crystal, uniq_maggie
D:10:     layout_basic, mainiacjoe_overflow_small_starburst, david_lair_generic,
          orc_0_dummy
D:11:     layout_rooms, amcnicky_mini_pool_small, kennysheep_generic_room_12,
          uniq_amaemon
D:12:     nicolae_BIG_FREAKIN_CUBE, layout_rooms,
          portal_ice_cave_entry_pillars_2, vehumet_altar_wand_db
D:13:     layout_cave_pools, david_vaults_5, minmay_alternating_orb, uniq_urug
D:14:     dreamdust_wu_jian_sword_trials, layout_basic
D:15:     hangedman_depths_entry_civil_slaughter, layout_small_grid,
          small_statue_intersection, grunt_ministairs_9,
          nrook_guardian_serpent_ordinary, uniq_josephine, uniq_rupert
Temple:   compressed_dpeg_triangle_lava_temple
Lair:1:   beast_lair_carwin_large_1, layout_big_grid, st_stairs_4, uniq_fannar
Lair:2:   layout_roguey, serial_bayou_lake_a
Lair:3:   layout_chaotic_city, grunt_megastairs_3, serial_bayou_shore_b,
          uniq_snorg
Lair:4:   pond_and_an_island_with_a_cottage, layout_gridlike,
          palyth_hydra_swamp_entry, spider_nest_entry_rubble
Lair:5:   layout_cave_pods
Lair:6:   wormcave, layout_hall_layers, minmay_slime_entry_eyes,
          columned_hall_lemuel, chequers_serial_rivers_small_a,
          minmay_lair_drake_nest, lemuel_fruit_fields
Swamp:1:  layout_falls_marsh, hangedman_swamp_diagram
Swamp:2:  nicolae_swamp_phyte_club, layout_basic_swamp,
          evilmike_swamp_ruin_wall, swamp_pool5, hangedman_swamp_lotus,
          uniq_frances
Swamp:3:  nzn_winding_woodlands_small [nzn_winding_woodlands_5x15_cabin,
          nzn_winding_woodlands_center_pierced_h,
          nzn_winding_woodlands_5x15_river_crossing], layout_basic_swamp,
          nicolae_swamp_small_spring
Swamp:4:  swamp_alternative, layout_basic_swamp
Spider:1: layout_cave_pods, hangedman_spider_tarantella_strand
Spider:2: nicolae_spider_hilbert_zone_7 [nicolae_spider_hilbert_4_sides_1_open,
          nicolae_spider_hilbert_4_sides_1_open,
          nicolae_spider_hilbert_4_sides_1_open,
          nicolae_spider_hilbert_4_sides_1_open,
          nicolae_spider_hilbert_3_sides_1_open,
          nicolae_spider_hilbert_3_sides_1_open,
          nicolae_spider_hilbert_3_sides_1_open,
          nicolae_spider_hilbert_3_sides_1_open,
          nicolae_spider_hilbert_4_sides_1_open,
          nicolae_spider_hilbert_4_sides_1_open,
          nicolae_spider_hilbert_4_sides_1_open,
          nicolae_spider_hilbert_2_sides_1_open,
          nicolae_spider_hilbert_2_sides_1_open,
          nicolae_spider_hilbert_2_sides_1_open,
          nicolae_spider_hilbert_2_sides_1_open,
          nicolae_spider_hilbert_2_sides_1_open,
          nicolae_spider_hilbert_2_sides_1_open]
Spider:3: layout_spider_delve
Spider:4: hellmonk_spider_rune_endless_swarm, uniq_arachne
Slime:1:  layout_caves, cheibrodos_slime_lost_civilization_7
Slime:2:  layout_caves
Slime:3:  layout_caves
Slime:4:  layout_caves
Slime:5
Orc:1:    layout_caves, mines1_david
Orc:2:    st_orc_town, layout_caves, nicolae_shop_clearance
Vaults:1: hangedman_vaults_snaps, nicolae_vaults_triangles,
          grunt_vaults_trifunnel, vaults_room_fours, v_misc_3,
          nicolae_vaults_mini_display_case, grunt_vaults_hallway_short,
          layout_vaults_chaotic_city
Vaults:2: vaults_standard_mumra_x, hangedman_vaults_stretched_pinwheel,
          ontoclasm_vaults_decontamination, v_misc_19,
          ontoclasm_vaults_ring_small, vaults_room_corners,
          layout_vaults_omnigrid, dummy_crypt_entry, serial_shops, shop
Vaults:3: hangedman_vaults_nodes, v_rooms_3, st_check, nicolae_vaults_big_ls,
          v_rooms_1, hangedman_vaults_nails, nicolae_vaults_theta,
          ontoclasm_vaults_pinch, vaults_room_pools, dpeg_vaults_monster_box,
          layout_vaults_omnicross, uniq_mara, uniq_nikola, uniq_boris
Vaults:4: hangedman_vaults_impose, grunt_vaults_swirl, vaults_mumra_hexcomb,
          grunt_tower_of_power, grunt_vaults_focal, v_misc_22,
          hangedman_vaults_nails, hangedman_vaults_restitches,
          nicolae_vaults_circle_grid_a, v_misc_2, v_pattern_4, vaults_mumra_lcd,
          v_misc_14, vaults_room_stairs_pillars, nicolae_vaults_theta,
          hangedman_vaults_impose, layout_vaults_maze
Vaults:5: serial_shops
Crypt:1:  layout_chaotic_city, nicolae_crypt_niches, minmay_misc_feat_columns
Crypt:2:  layout_regular_city, uniq_josephina, uniq_khufu
Crypt:3:  grunt_crypt_end_deaths_head
Tomb:1:   uniq_mennas
Tomb:2
Tomb:3

Skill      XL: |  1  2  3  4  5  6  7  8  9 10 11 12 13 14 15 16 17 18 19 20 21 22 23 |
---------------+----------------------------------------------------------------------+-----
Spellcasting   | 4 5 6 7 8 10 11 12 14 15 17 18 19 21 22 23 24 25 26 | 26.4
Conjurations   | 5 6 7 8 9 10 11 12 13 15 16 17 18 19 20 21 22 23 | 23.0
Translocations | 1 2 3 4 6 7 8 9 11 12 | 12.0
Dodging        | 4 6 7 8 10 | 10.0
Shields        | 1 3 4 5 |  5.0
Fighting       | 2 4 6 8 9 10 11 12 | 12.9
Armour         | 2 5 |  5.0
Fire Magic     | 3 7 10 12 15 16 17 18 19 20 | 20.1
Necromancy     | 5 9 11 13 14 | 14.5
Transmutations | 5 8 10 12 13 | 13.4
Stealth        | |  2.4

Action                   |  1- 3 |  4- 6 |  7- 9 | 10-12 | 13-15 | 16-18 | 19-21 | 22-24 || total
-------------------------+-------+-------+-------+-------+-------+-------+-------+-------++-------
Melee: Unarmed           |     9 |       |       |       |       |       |       |       ||     9
       Staff             |     3 |    22 |    70 |    95 |     5 |       |       |       ||   195
       Spear             |       |       |       |       |     2 |    79 |    17 |    16 ||   114
 Cast: Magic Dart        |    42 |     1 |    10 |     4 |     7 |    15 |       |     1 ||    80
       Searing Ray       |     4 |    18 |    44 |    32 |    11 |     2 |     2 |     3 ||   116
       Iskenderun's Myst |       |     1 |    31 |   136 |   286 |   245 |    74 |    65 ||   838
       Fulminant Prism   |       |       |     1 |    26 |    20 |       |       |       ||    47
       Starburst         |       |       |       |       |   108 |   256 |    27 |    13 ||   404
       Fireball          |       |       |       |       |       |   113 |   103 |    35 ||   251
       Swiftness         |       |       |       |       |       |     2 |       |     1 ||     3
       Ignition          |       |       |       |       |       |     5 |     6 |       ||    11
       Fire Storm        |       |       |       |       |       |       |   185 |   126 ||   311
       Lehudib's Crystal |       |       |       |       |       |       |     2 |       ||     2
       Portal Projectile |       |       |       |       |       |       |     1 |       ||     1
       Necromutation     |       |       |       |       |       |       |       |     9 ||     9
Evoke: Wand              |       |     2 |    12 |    35 |     1 |    13 |    12 |       ||    75
  Use: Scroll            |       |       |     5 |     5 |    14 |     7 |     4 |     4 ||    39
       Potion            |       |       |     1 |     1 |     2 |     5 |     7 |     2 ||    18
 Stab: Sleeping          |       |     1 |     1 |     2 |       |       |       |       ||     4
       Paralysed         |       |       |     7 |    13 |       |       |       |       ||    20
Armor: Robe              |    12 |     5 |    34 |    49 |       |     4 |     3 |       ||   107
       Troll leather arm |       |       |       |     2 |    44 |    60 |    10 |    21 ||   137
Dodge: Dodged            |    32 |    11 |    98 |   161 |    70 |   155 |    44 |    60 ||   631
       Repelled          |       |       |       |     1 |    17 |    13 |     4 |       ||    35
Block: Buckler           |       |       |    24 |    58 |    36 |    53 |    18 |    21 ||   210

Table legend: (Time is in decaauts)
 A = Elapsed time spent in this place.
 B = Non-inter-level travel time spent in this place.
 C = Inter-level travel time spent in this place.
 D = Time resting spent in this place.
 E = Time spent auto-exploring this place.
 F = Levels seen in this place.
 G = Mean time per level.
                   A        B        C        D        E       F      G
               +--------+--------+--------+--------+--------+-----+--------+
         Total |  27013 |  23413 |   3600 |    185 |      0 |  50 |  540.3 |
       Dungeon |   8916 |   7710 |   1206 |     89 |      0 |  15 |  594.4 |
        Temple |     54 |     45 |      9 |      0 |      0 |   1 |   54.0 |
          Lair |   4030 |   3357 |    673 |      8 |      0 |   6 |  671.7 |
         Swamp |   2487 |   2063 |    424 |      2 |      0 |   4 |  621.8 |
   Spider Nest |   2811 |   2402 |    409 |     48 |      0 |   4 |  702.8 |
    Slime Pits |   1532 |   1335 |    197 |      8 |      0 |   5 |  306.4 |
  Orcish Mines |   1039 |    938 |    101 |      0 |      0 |   2 |  519.5 |
        Vaults |   4585 |   4041 |    544 |     21 |      0 |   5 |  917.0 |
         Crypt |    587 |    582 |      5 |      4 |      0 |   3 |  195.7 |
          Tomb |    415 |    387 |     28 |      4 |      0 |   3 |  138.3 |
        Bailey |    456 |    456 |      0 |      0 |      0 |   1 |  456.0 |
      Ice Cave |     96 |     96 |      0 |      0 |      0 |   1 |   96.0 |
               +--------+--------+--------+--------+--------+-----+--------+

Top non-repeatable levels by time:
Vaults:1: 1087 daAuts
  Lair:6: 1005 daAuts
Vaults:2: 951 daAuts
Vaults:3: 924 daAuts
     D:9: 896 daAuts
  Lair:4: 890 daAuts
Spider:2: 873 daAuts
     D:5: 867 daAuts
Vaults:4: 829 daAuts
    D:10: 824 daAuts
   Orc:2: 805 daAuts
Vaults:5: 793 daAuts
     D:1: 778 daAuts
 Swamp:3: 753 daAuts
     D:7: 748 daAuts
